 Dungeon Crawl Stone Soup version 0.28.0 (webtiles) character file.

Game seed: 18374883416888285618

285361 danielguo94 the Bludgeoner (level 20, 0/132 HPs)
             Began as a Gargoyle Fighter on Feb 9, 2022.
             Was a High Priest of the Shining One.
             Shot with an arrow by a deep elf master archer (2 damage)
             ... on level 3 of the Elven Halls.
             The game lasted 01:13:56 (46860 turns).

danielguo94 the Bludgeoner (Gargoyle Fighter)      Turns: 46860, Time: 01:13:56

Health: 0/132      AC: 44    Str: 32    XL:     20   Next: 61%
Magic:  28/33      EV: 10    Int: 17    God:    the Shining One [*****.]
Gold:   2680       SH:  7    Dex: 11    Spells: 19/19 levels left

rFire   + + +      SeeInvis +   Q - +7 eveningstar (vorpal)
rCold   + + .      Faith    .   c - +0 buckler
rNeg    + + +      Spirit   .   s - +3 plate armour of Follow the Leader {rF++ Will+ Str+3}
rPois   ∞          Reflect  .   d - +0 mask of the Dragon {Will+ Slay+3 SInv}
rElec   +          Harm     .   x - scarf {rC+ rF+}
rCorr   +          Rampage  +   z - +1 pair of gloves {Stlth+}
Will    +++..                   A - +2 pair of boots {rampage}
Stlth   ..........              b - amulet of Luqukyog {RegenMP Regen+ Str+4}
HPRegen 1.12/turn               i - ring of Inarghemn {rCorr Int+6}
MPRegen 0.63/turn               E - ring of protection from cold

@: flying, glowing
A: sickness immunity, AC +15, big wings, negative energy resistance 1,
electricity resistance, torment resistance 1, petrification resistance,
iridescent scales 1
}: 2/15 runes: decaying, gossamer
a: Renounce Religion, Divine Shield, Cleansing Flame, Summon Divine Warrior


You were on level 3 of the Elven Halls.
You worshipped the Shining One.
The Shining One was extremely pleased with you.
You visited 7 branches of the dungeon, and saw 35 of its levels.
You also visited: Gauntlet.

You collected 3969 gold pieces.
You spent 1240 gold pieces at shops.
You donated 49 gold pieces to Zin.

Inventory:

Hand Weapons
 h - a +0 antimagic morningstar
 Q - a +7 vorpal eveningstar (weapon)
 S - a +3 broad axe of flaming
Missiles
 p - 3 atropa-tipped darts
 q - 62 poisoned darts
 u - 12 curare-tipped darts (quivered)
 J - 12 silver javelins
 R - 8 javelins
 V - 4 silver boomerangs
Armour
 c - a +0 buckler (worn)
 d - the +0 mask of the Dragon (worn) {Will+ Slay+3 SInv}
   (You found it on level 4 of the Spider Nest)

   Slay:      It affects your accuracy & damage with ranged weapons and melee
   (+3).
   SInv:      It lets you see invisible.
   Will:      It increases your willpower.
 s - the +3 plate armour of Follow the Leader (worn) {rF++ Will+ Str+3}
   (You took it off a deep elf blademaster on level 3 of the Elven Halls)

   Str:       It affects your strength (+3).
   rF:        It greatly protects you from fire.
   Will:      It increases your willpower.
 x - a scarf of resistance (worn)
 z - a +1 pair of gloves of stealth (worn)
 A - a +2 pair of boots of rampaging (worn)
Jewellery
 b - the amulet of Luqukyog (around neck) {RegenMP Regen+ Str+4}
   (You found it in a Gauntlet)

   [amulet of magic regeneration]

   It increases your rate of magic regeneration.
   Str:       It affects your strength (+4).
   Regen:     It increases your rate of health regeneration.
 i - the ring of Inarghemn (left hand) {rCorr Int+6}
   (You took it off a minotaur in a Gauntlet)

   [ring of resist corrosion]

   Int:       It affects your intelligence (+6).
   rCorr:     It protects you from acid and corrosion.
 r - a +4 ring of slaying
 t - a ring of protection from fire
 y - a ring of protection from fire
 E - a ring of protection from cold (right hand)
 G - an amulet of reflection
 H - a ring of magical power
Wands
 o - a wand of charming (15)
 F - a wand of digging (2)
 L - a wand of iceblast (22)
 M - a wand of acid (7)
 N - a wand of mindburst (9)
 P - a wand of paralysis (8)
 U - a wand of polymorph (23)
Scrolls
 e - 2 scrolls of immolation
 g - 7 scrolls of teleportation
 j - 5 scrolls of fog
 k - 2 scrolls of holy word
 l - 4 scrolls of enchant weapon
 w - 5 scrolls of fear
 B - 3 scrolls of summoning
 D - 6 scrolls of blinking
 I - 3 scrolls of magic mapping
 K - 2 scrolls of silence
 T - 3 scrolls of enchant armour {unknown}
Potions
 a - 4 potions of curing
 f - a potion of lignification
 m - 6 potions of resistance
 n - 6 potions of ambrosia
 v - 7 potions of haste
 C - 4 potions of heal wounds
 O - 3 potions of magic
 W - 8 potions of attraction
 X - a potion of cancellation {unknown}
 Y - a potion of might


   Skills:
 + Level 16.7 Fighting
 * Level 4.1(12.9) Axes
 - Level 20.2(20.3) Maces & Flails
 + Level 0.6 Throwing
 + Level 16.1 Armour
 + Level 6.1 Dodging
 + Level 14.6 Shields
 * Level 18.7 Invocations
 + Level 2.6 Evocations


You had 19 spell levels left.
You didn't know any spells.
Your spell library contained the following spells:

 Spells                   Type           Power      Damage    Failure   Level
 Animate Skeleton         Necr           0%         N/A       77%         1
 Apportation              Tloc           0%         N/A       77%         1
 Freeze                   Ice            0%         1d3       77%         1
 Magic Dart               Conj           0%         1d3       77%         1
 Shock                    Conj/Air       0%         1d3       77%         1
 Summon Small Mammal      Summ           0%         N/A       77%         1
 Corpse Rot               Necr/Air       0%         N/A       88%         2
 Ensorcelled Hibernation  Hex/Ice        0%         N/A       88%         2
 Passwall                 Tmut/Erth      0%         N/A       88%         2
 Static Discharge         Conj/Air       0%         N/A       88%         2
 Call Canine Familiar     Summ           0%         N/A       98%         3
 Conjure Flame            Conj/Fire      0%         6-21      98%         3
 Frozen Ramparts          Ice            0%         1d2       98%         3
 Gell's Gravitas          Tloc           0%         N/A       98%         3
 Ignite Poison            Fire/Tmut/Pois 0%         N/A       98%         3
 Lesser Beckoning         Tloc           0%         N/A       98%         3
 Mephitic Cloud           Conj/Pois/Air  0%         N/A       98%         3
 Portal Projectile        Hex/Tloc       0%         N/A       98%         3
 Stone Arrow              Conj/Erth      0%         3d7       98%         3
 Summon Guardian Golem    Hex/Summ       0%         N/A       98%         3
 Swiftness                Air            0%         N/A       98%         3
 Teleport Other           Tloc           0%         N/A       98%         3
 Airstrike                Air            0%         N/A       100%        4
 Animate Armour           Summ/Erth      0%         N/A       100%        4
 Flame Wave               Conj/Fire      0%         2d4       100%        4
 Hailstorm                Conj/Ice       0%         3d3       100%        4
 Ice Form                 Ice/Tmut       0%         N/A       100%        4
 Leda's Liquefaction      Hex/Erth       0%         N/A       100%        4
 Sticky Flame             Conj/Fire      0%         2d3       100%        4
 Summon Ice Beast         Ice/Summ       0%         N/A       100%        4
 Summon Lightning Spire   Summ/Air       0%         N/A       100%        4
 Freezing Cloud           Conj/Ice/Air   0%         6-21      100%        5
 Lee's Rapid Deconstruct  Erth           0%         3d5*      100%        5
 Lightning Bolt           Conj/Air       0%         1d11      100%        5
 Metabolic Englaciation   Hex/Ice        0%         N/A       100%        5
 Summon Mana Viper        Hex/Summ       0%         N/A       100%        5
 Simulacrum               Ice/Necr       0%         N/A       100%        6
 Starburst                Conj/Fire      0%         6d3       100%        6
 Monstrous Menagerie      Summ           0%         N/A       100%        7
 Lehudib's Crystal Spear  Conj/Erth      0%         10d2      100%        8
 Maxwell's Capacitive Co  Air            0%         ∞         100%        8
 Summon Horrible Things   Summ           0%         N/A       100%        8
 Chain Lightning          Conj/Air       0%         N/A       100%        9
 Fire Storm               Conj/Fire      0%         5d1       100%        9
 Shatter                  Erth           0%         3d5*      100%        9
 Statue Form              Tmut/Erth      Unusable   N/A       N/A         6

Dungeon Overview and Level Annotations

Branches:
Dungeon (15/15)            Temple (1/1) D:5            Lair (6/6) D:11
  Swamp (4/4) Lair:2       Spider (4/4) Lair:4        Slime (0/5) Lair:5
    Orc (2/2) D:9             Elf (3/3) Orc:2        Vaults (0/5) D:14
 Depths (0/4) D:15        Gauntlet (visited)

Altars:
Ashenzari
Cheibriados
Dithmenos
Elyvilon
Fedhas
Gozag
Hepliaklqana
Kikubaaqudgha
Makhleb
Nemelex Xobeh
Okawaru
Qazlal
Ru
Sif Muna
Trog
Uskayaw
Vehumet
Wu Jian
Xom
Yredelemnul
Zin
The Shining One
Beogh

Shops:
D:4 :   Orc:2 *[:(   Elf:2 (([*   Elf:3 :=:


Innate Abilities, Weirdness & Mutations

You are immune to sickness and miasma.
Your stone body is resilient. (AC +15)
You are immune to poison.
Your large and strong wings let you fly.
You resist negative energy. (rN+)
You are resistant to electric shocks. (rElec)
You are resistant to unholy torment.
You are immune to petrification.
You are partially covered in iridescent scales. (AC +2)


Message History

You closely miss the +2 vorpal dire flail.
The +2 vorpal dire flail is moderately damaged.
The +2 vorpal dire flail hits you but does no damage.
You impale the +2 vorpal dire flail!!
The +2 vorpal dire flail falls from the air.
The deep elf master archer shoots an arrow.
The arrow hits you!!
The deep elf master archer shoots an arrow.
The arrow hits you but does no damage.
The deep elf master archer shoots an arrow.
The arrow hits you!
You rampage towards the deep elf master archer!
Found a dagger and a short sword.
You hit the deep elf master archer.
The deep elf master archer is lightly wounded.
The deep elf master archer shoots an arrow.
The arrow hits you but does no damage.
The deep elf master archer shoots an arrow.
The arrow hits you!
The deep elf master archer shoots an arrow.
The arrow hits you!!
* * * LOW HITPOINT WARNING * * *
Unknown command.
Activating: Cleansing Flame (0% risk of failure)
Press: ? - help, Dir - look around, f - activate The golden flame engulfs you but does no damage.
The golden flame engulfs the deep elf master archer!!!
The deep elf master archer is heavily wounded.
The golden flame engulfs the deep elf master archer!!!
The deep elf master archer is heavily wounded.
The golden flame engulfs the deep elf annihilator!!
The deep elf annihilator is heavily wounded.
You hear a shout!
The deep elf master archer shoots an arrow.
You block the arrow.
The deep elf master archer shoots an arrow.
The arrow hits you!!
* * * LOW HITPOINT WARNING * * *
The deep elf master archer shoots an arrow.
The arrow hits you.
You die...

#######
))###.....###..
'....⌠....'
#.ee.e# #@# #.#
#.# ##### #.#
##### #}..# #.#
#...# #.()# #.#
#)..# ##'## #.#
##'## ##...###
###.###
###...##
.......###
###.....###
###.......


You could see 2 deep elf master archers and a deep elf annihilator.

Vanquished Creatures
  Bai Suzhen (Spider:3)
  the Lernaean hydra (Swamp:4)
  A tentacled monstrosity (Swamp:2)
  Jorgrun (Orc:1)
  Rupert (D:13)
  Mlioglotl (Spider:1)
  6 deep elf blademasters (Elf:3)
  A deep elf master archer (Elf:3)
  Frances (Swamp:2)
  Kirke (D:13)
  2 thorn hunters
  3 fenstrider witches
  The ghost of Deeps the Executioner, a journeyman MiFi of Okawaru (Orc:1)
  A frost giant (D:15)
  3 emperor scorpions (Spider:4)
  7 ghost moths
  7 deep elf sorcerers
  A deep elf elementalist (Elf:3)
  The ghost of Strat the Cleaver, a journeyman DDFi of Makhleb (Orc:1)
  A very ugly thing (D:14)
  A deep elf demonologist (Elf:3)
  A bunyip (Swamp:3)
  4 deep elf annihilators (Elf:3)
  5 spark wasps
  4 eleionomae
  A minotaur (Gauntlet)
  3 entropy weavers
  5 deep elf death magi (Elf:3)
  A fire dragon (D:14)
  Fannar (Orc:1)
  2 deep elf high priests (Elf:3)
  Josephine (D:15)
  3 vault guards (D:14)
  30 hydras
  9 boulder beetles
  2 catoblepae (Lair:5)
  4 radroaches
  2 ghost crabs
  2 ogre magi (D:14)
  A merfolk avatar (Lair:6)
  6 centaur warriors
  13 alligators
  2 merfolk aquamancers
  4 tengu warriors
  8 two-headed ogres
  28 dancing weapons
  5 orc high priests
  17 deep elf knights
  Nergalle (D:11)
  Urug (Lair:6)
  Sonja (Orc:1)
  A fire crab (shapeshifter) (D:13)
  7 pharaoh ants
  A skeletal warrior (D:13)
  2 death drakes
  2 sun moths
  4 spriggan druids
  6 steelbarb worms
  16 swamp dragons
  7 deep elf archers
  7 orb spiders
  3 goliath frogs
  2 flayed ghosts (D:14)
  2 glowing orange brains (Gauntlet)
  26 deep elf zephyrmancers
  4 lindwurms
  3 bog bodies
  27 deep elf pyromancers
  2 wizards (D:14)
  A necromancer (D:13)
  A phantasmal warrior (D:14)
  An oklob plant (Lair:3)
  7 orc knights
  6 orc sorcerers
  9 ugly things
  5 manticores
  3 will-o-the-wisps (Swamp:4)
  14 wolf spiders
  8 cyclopes
  A mana viper (shapeshifter) (D:14)
  A moth of wrath (Spider:2)
  21 elephants
  A water nymph (D:13)
  3 black mambas (Lair:5)
  11 torpor snails
  A cane toad (shapeshifter) (D:14)
  18 cane toads
  2 gargoyles
  4 kobold demonologists
  4 unseen horrors
  14 demonic crawlers
  A freezing wraith (D:14)
  A yaktaur (D:15)
  2 efreet (D:15)
  3 rime drakes (Lair:6)
  5 tengu conjurers
  8 trolls
  9 komodo dragons
  4 polar bears
  15 hornets
  17 meliai
  A bloated husk (Swamp:2)
  2 wind drakes (Lair:6)
  11 tyrant leeches
  5 slime creatures
  27 tarantellas
  17 blink frogs
  2 dream sheep (Lair:2)
  A meliai zombie (D:10)
  A snapping turtle (Lair:5)
  A jumping spider (shapeshifter) (D:14)
  17 jumping spiders
  A culicivora (shapeshifter) (D:14)
  2 air elementals
  4 shadows
  A vampire (D:12)
  13 culicivoras
  13 spriggans
  3 water elementals
  7 wraiths
  52 yaks
  10 wyverns
  3 basilisks
  A hog (D:13)
  5 fire elementals
  4 steam dragons
  A redback (shapeshifter) (D:10)
  52 redbacks
  26 vampire mosquitoes
  20 swamp worms
  Edmund (D:4)
  9 wargs
  An acid dragon (D:9)
  11 water moccasins
  38 orc warriors
  A sky beast (D:5)
  3 black bears
  6 swamp drakes (Swamp:4)
  3 ogres
  19 wolves
  16 centaurs
  2 phantoms
  6 kobold brigands
  3 scorpions
  15 bullfrogs
  A gnoll sergeant (D:8)
  2 wyvern zombies
  A water moccasin skeleton (D:5)
  A killer bee (Lair:4)
  5 electric eels
  3 howler monkeys (D:7)
  A lava snake (Lair:5)
  3 centaur zombies
  5 hounds
  A jelly (D:8)
  A bullfrog skeleton (D:7)
  19 orc priests
  36 orc wizards
  Ijyb (D:3)
  3 iguanas
  4 hell rats (Lair:5)
  A killer bee zombie (D:8)
  A hound skeleton (D:5)
  5 gnolls (D:8)
  7 adders
  A shadow imp (D:8)
  2 ufetubi
  An adder skeleton (D:4)
  2 worms
  3 dart slugs
  94 orcs
  7 ball pythons
  4 bats
  12 endoplasms
  2 giant cockroaches
  9 goblins
  8 hobgoblins
  7 jackals
  A quokka (D:2)
  A frilled lizard (D:1)
  24 kobolds
  7 rats
  A butterfly (Lair:1)
1257 creatures vanquished.

Vanquished Creatures (others)
  An ugly thing (D:12)
  A will-o-the-wisp (Swamp:1)
  An unseen horror (D:12)
  4 bloated husks
  2 vampire mosquitoes (Swamp:2)
  An ogre (Elf:3)
  2 centaurs
  An orc priest (Elf:3)
  3 orcs
  4 briar patches (Swamp:4)
  A bush (Lair:5)
  25 foxfires
  64 fungi
  135 plants
  14 withered plants (Gauntlet)
259 creatures vanquished.

Grand Total: 1516 creatures vanquished

Notes
Turn   | Place    | Note
-------+----------+-------------------------------------------
     0 | D:1      | danielguo94 the Gargoyle Fighter began the quest for the
                  | Orb.
     0 | D:1      | Reached XP level 1. HP: 14/14 MP: 1/1
   237 | D:1      | You fall into a shaft and drop 1 floor!
   245 | D:2      | Reached XP level 2. HP: 15/19 MP: 2/2
   521 | D:1      | Reached XP level 3. HP: 23/23 MP: 3/3
   616 | D:1      | Reached skill level 3 in Maces & Flails
  1183 | D:2      | Reached XP level 4. HP: 24/29 MP: 4/4
  1298 | D:2      | Found a faded altar of an unknown god.
  2130 | D:3      | Noticed Ijyb
  2138 | D:3      | Gained mutation: You are partially covered in iridescent
                  | scales. (AC +2) [potion of mutation]
  2141 | D:3      | Killed Ijyb
  2142 | D:3      | Reached XP level 5. HP: 7/33 MP: 5/5
  2515 | D:4      | Noticed Edmund
  2520 | D:4      | Killed Edmund
  2521 | D:4      | Reached skill level 4 in Maces & Flails
  2521 | D:4      | Reached skill level 1 in Dodging
  2521 | D:4      | Reached XP level 6. HP: 26/38 MP: 6/6
  2819 | D:4      | Reached skill level 5 in Maces & Flails
  2862 | D:4      | Found Quac's Book Emporium.
  3092 | D:5      | Entered Level 5 of the Dungeon
  3092 | D:5      | Noticed a black bear
  3098 | D:5      | Killed a black bear
  3099 | D:5      | Reached XP level 7. HP: 37/43 MP: 7/7
  3136 | D:5      | Reached skill level 6 in Maces & Flails
  3173 | D:5      | Reached skill level 7 in Maces & Flails
  3303 | D:5      | Found a staircase to the Ecumenical Temple.
  3394 | Temple   | Entered the Ecumenical Temple
  3496 | Temple   | Became a worshipper of Zin the Law-Giver
  3496 | Temple   | Reached * piety under Zin
  3628 | D:5      | Reached XP level 8. HP: 44/48 MP: 8/8
  4319 | D:6      | Reached skill level 8 in Maces & Flails
  4652 | D:6      | Reached skill level 5 in Armour
  4799 | D:6      | Reached ** piety under Zin
  4910 | D:6      | Found an ancient bone altar of Kikubaaqudgha.
  4917 | D:6      | Found a shimmering blue altar of Sif Muna.
  4919 | D:6      | Found a radiant altar of Vehumet.
  4924 | D:6      | Got Vehumet's Guide on Conjuration
  5011 | D:6      | Reached skill level 5 in Fighting
  5282 | D:6      | Found a sacrificial altar of Ru.
  5487 | D:7      | Reached skill level 9 in Maces & Flails
  5741 | D:7      | Reached XP level 9. HP: 47/54 MP: 9/9
  6512 | D:7      | Reached skill level 10 in Maces & Flails
  6741 | D:8      | Reached *** piety under Zin
  6903 | D:8      | Reached skill level 5 in Shields
  7592 | D:8      | Reached XP level 10. HP: 20/60 MP: 10/10
  7809 | D:9      | Reached skill level 1 in Invocations
  7869 | D:9      | Reached skill level 11 in Maces & Flails
  7921 | D:9      | Found a bloodstained altar of Trog.
  8312 | D:9      | Found a staircase to the Orcish Mines.
  9404 | D:9      | Found a glowing golden altar of the Shining One.
  9417 | D:9      | Identified the +4 hunting sling of Infinite Pain {vorpal,
                  | rN+}
  9421 | D:9      | Fell from the grace of Zin
  9421 | D:9      | Became a worshipper of the Shining One
  9421 | D:9      | Reached * piety under the Shining One
  9656 | D:9      | Reached skill level 12 in Maces & Flails
  9826 | D:9      | Noticed a two-headed ogre
  9834 | D:9      | Killed a two-headed ogre
  9888 | D:9      | Noticed a two-headed ogre
  9895 | D:9      | Killed a two-headed ogre
  9896 | D:9      | Reached XP level 11. HP: 58/66 MP: 14/14
 10101 | D:9      | Reached ** piety under the Shining One
 10348 | D:10     | Entered Level 10 of the Dungeon
 10810 | D:10     | Noticed a two-headed ogre
 10819 | D:10     | Killed a two-headed ogre
 10820 | D:10     | Reached skill level 1 in Evocations
 10899 | D:10     | Reached skill level 5 in Invocations
 10925 | D:10     | Reached skill level 13 in Maces & Flails
 11186 | D:10     | Noticed a two-headed ogre
 11186 | D:10     | Noticed a green ugly thing
 11192 | D:10     | Killed a two-headed ogre
 11198 | D:10     | Killed a green ugly thing
 11331 | D:10     | Noticed a centaur warrior
 11344 | D:10     | Killed a centaur warrior
 11490 | D:10     | Noticed a deep elf pyromancer
 11495 | D:10     | Killed a deep elf pyromancer
 11677 | D:10     | Noticed a two-headed ogre
 11685 | D:10     | Killed a two-headed ogre
 11953 | D:10     | Reached XP level 12. HP: 55/74 MP: 16/16
 12104 | D:11     | Reached skill level 14 in Maces & Flails
 12167 | D:11     | Reached *** piety under the Shining One
 12225 | D:11     | Noticed a four-headed hydra
 12237 | D:11     | Killed a four-headed hydra
 12639 | D:11     | Noticed Nergalle
 12659 | D:11     | Killed Nergalle
 12709 | D:11     | Noticed a two-headed ogre
 12720 | D:11     | Killed a two-headed ogre
 12727 | D:11     | Found a staircase to the Lair.
 12817 | D:11     | Noticed a seven-headed hydra
 13136 | D:11     | Killed a seven-headed hydra
 13578 | Lair:1   | Entered Level 1 of the Lair of Beasts
 13648 | Lair:1   | Noticed a seven-headed hydra
 14059 | D:11     | Killed a seven-headed hydra
 14319 | Lair:1   | Noticed a boulder beetle
 14359 | Lair:1   | Killed a boulder beetle
 14786 | Lair:1   | Reached XP level 13. HP: 26/80 MP: 18/18
 15652 | Lair:2   | Reached skill level 15 in Maces & Flails
 15909 | Lair:2   | Reached skill level 10 in Armour
 17120 | Lair:2   | Found a staircase to the Swamp.
 17461 | Lair:3   | Reached skill level 10 in Fighting
 17527 | Lair:3   | Reached **** piety under the Shining One
 19914 | Lair:4   | Found a hole to the Spider Nest.
 20272 | Lair:4   | Gained mutation: Your large and strong wings let you fly.
                  | [Gargoyle growth]
 20272 | Lair:4   | Reached XP level 14. HP: 83/88 MP: 21/21
 20556 | Lair:5   | Found a staircase to the Slime Pits.
 21004 | Lair:5   | Reached skill level 16 in Maces & Flails
 22148 | Lair:6   | Entered Level 6 of the Lair of Beasts
 22206 | Lair:6   | Noticed Urug
 22827 | Lair:6   | Reached skill level 10 in Invocations
 23237 | Lair:6   | Killed Urug
 23420 | Lair:6   | Reached skill level 10 in Shields
 24075 | Lair:6   | Reached ***** piety under the Shining One
 24946 | Lair:6   | Found a snail-covered altar of Cheibriados.
 25020 | Lair:6   | Reached XP level 15. HP: 62/96 MP: 22/22
 25316 | Lair:6   | Identified the +4 trident of the Key {freeze, rElec rPois
                  | Int+4 Dex+3 SInv}
 25630 | Orc:1    | Entered Level 1 of the Orcish Mines
 25630 | Orc:1    | You are sucked into a shaft and drop 1 floor!
 25630 | Orc:2    | Entered Level 2 of the Orcish Mines
 25634 | Orc:1    | Noticed Fannar
 25646 | Orc:1    | Killed Fannar
 26722 | Orc:2    | Found Bafuuth's Book Shop.
 26722 | Orc:2    | Found Ynorchu's Antique Weapon Shop.
 26722 | Orc:2    | Found Dekiuvin's Antique Armour Boutique.
 26737 | Orc:2    | Found Vokat's Assorted Antiques.
 26743 | Orc:2    | Bought a potion of curing for 126 gold pieces
 26743 | Orc:2    | Bought a potion of haste for 420 gold pieces
 26743 | Orc:2    | Bought a scroll of fog for 84 gold pieces
 26743 | Orc:2    | Bought a potion of might for 168 gold pieces
 26802 | Orc:2    | Found a staircase to the Elven Halls.
 27354 | Orc:1    | Noticed Sonja
 27363 | Orc:1    | Killed Sonja
 27364 | Orc:1    | Reached skill level 17 in Maces & Flails
 27477 | Orc:1    | Noticed Jorgrun
 28005 | D:12     | Found a gate leading to a gauntlet.
 28031 | Gauntlet | Entered a Gauntlet
 28031 | Gauntlet | Found a transporter.
 28044 | Gauntlet | Found a transporter.
 28056 | Gauntlet | Found a transporter.
 28061 | Gauntlet | Found a transporter.
 28078 | Gauntlet | Found a transporter.
 28096 | Gauntlet | Found a transporter.
 28108 | Gauntlet | Found a transporter.
 28120 | Gauntlet | Found a transporter.
 28126 | Gauntlet | Found a transporter.
 28126 | Gauntlet | Found a transporter.
 28137 | Gauntlet | Found a large runed translucent door.
 28138 | Gauntlet | Found a large runed translucent door.
 28139 | Gauntlet | Found a large runed translucent door.
 28139 | Gauntlet | Found a large runed translucent door.
 28140 | Gauntlet | Found a runed translucent gate.
 28141 | Gauntlet | Found a transporter.
 28141 | Gauntlet | Found a runed translucent gate.
 28142 | Gauntlet | Found a runed translucent gate.
 28143 | Gauntlet | Found a large runed translucent door.
 28143 | Gauntlet | Found a large runed translucent door.
 28143 | Gauntlet | Found a runed translucent door.
 28143 | Gauntlet | Found a runed translucent door.
 28144 | Gauntlet | Found a large runed translucent door.
 28145 | Gauntlet | Found a large runed translucent door.
 28147 | Gauntlet | Found a transporter.
 28152 | Gauntlet | Found a large runed translucent door.
 28152 | Gauntlet | Found a large runed translucent door.
 28153 | Gauntlet | Found a large runed translucent door.
 28154 | Gauntlet | Found a large runed translucent door.
 28162 | Gauntlet | Found a transporter.
 28164 | Gauntlet | Found a large runed translucent door.
 28164 | Gauntlet | Found a large runed translucent door.
 28165 | Gauntlet | Found a large runed translucent door.
 28166 | Gauntlet | Found a large runed translucent door.
 28168 | Gauntlet | Found a transporter.
 28207 | Gauntlet | Found a transporter.
 28234 | Gauntlet | Found a transporter.
 28234 | Gauntlet | Found a transporter.
 28254 | Gauntlet | Found a transporter.
 28519 | Gauntlet | Paralysed by a floating eye for 2 turns
 28526 | Gauntlet | Paralysed by a floating eye for 4 turns
 28534 | Gauntlet | Paralysed by a floating eye for 3 turns
 28838 | Gauntlet | Identified the amulet of Luqukyog {RegenMP Regen+ Str+4}
 28875 | Gauntlet | Found the +8 arc blade {discharge, rElec}
 28875 | Gauntlet | Identified the +8 trident of Diet Blood {drain, MP+9 Str+7
                  | Int-4 Dex+3}
 28875 | Gauntlet | Identified the ring of Inarghemn {rCorr Int+6}
 28908 | Gauntlet | Identified the +1 robe of Veaw {rElec Str-3 SInv}
 28909 | Gauntlet | Got the Reference Book on Malediction
 28912 | Gauntlet | Got the Tome of Supportive Sinister Secrets
 28985 | D:12     | Found a shimmering altar of Xom.
 29090 | D:12     | Noticed Nessos
 29103 | D:12     | Noticed Nessos
 29103 | D:12     | Nessos changed into Nessos the cane toad
 29110 | D:12     | Killed Nessos the cane toad
 29858 | D:13     | Noticed Rupert
 29860 | D:13     | Paralysed by Rupert for 4 turns
 29881 | D:13     | Killed Rupert
 29885 | D:13     | Noticed Kirke
 29953 | D:13     | Noticed a sphinx
 29958 | D:13     | Killed Kirke
 30236 | D:13     | Reached XP level 16. HP: 71/103 MP: 25/25
 31199 | D:14     | Paralysed by an ogre mage for 2 turns
 31555 | D:14     | Found a gate to the Vaults.
 31677 | D:14     | Reached skill level 18 in Maces & Flails
 31703 | D:14     | Got the Almanac of Igneous Creation
 31781 | D:15     | Entered Level 15 of the Dungeon
 31882 | D:15     | Noticed Josephine
 31897 | D:15     | Killed Josephine
 32633 | D:15     | Found a staircase to the Depths.
 32633 | D:15     | Reached ****** piety under the Shining One
 33198 | Spider:1 | Entered Level 1 of the Spider Nest
 33360 | Spider:1 | Noticed Mlioglotl
 33377 | Spider:1 | Killed Mlioglotl
 33608 | Spider:1 | Reached XP level 17. HP: 108/109 MP: 27/27
 35675 | Spider:2 | Reached skill level 5 in Dodging
 36619 | Spider:3 | Noticed Bai Suzhen
 36656 | Spider:3 | Killed Bai Suzhen
 36657 | Spider:3 | Reached skill level 15 in Invocations
 37022 | Spider:4 | Entered Level 4 of the Spider Nest
 37151 | Spider:4 | Reached skill level 19 in Maces & Flails
 37955 | Spider:4 | Reached XP level 18. HP: 116/116 MP: 29/29
 38477 | Spider:4 | Found the +0 mask of the Dragon {Will+ Slay+3 SInv}
 38842 | Spider:4 | Got a gossamer rune of Zot
 39168 | Swamp:1  | Entered Level 1 of the Swamp
 39837 | Swamp:2  | Noticed Frances
 39853 | Swamp:2  | Killed Frances
 39966 | Swamp:2  | Noticed a tentacled monstrosity
 39981 | Swamp:2  | Killed a tentacled monstrosity
 40908 | Swamp:3  | Reached skill level 15 in Fighting
 41219 | Swamp:4  | Entered Level 4 of the Swamp
 41423 | Swamp:4  | Reached XP level 19. HP: 40/124 MP: 31/31
 41538 | Swamp:4  | Identified the +5 chain mail "Wogotiyrr" {Dex+3}
 42079 | Swamp:4  | Reached skill level 15 in Armour
 42137 | Swamp:4  | Noticed the 27-headed Lernaean hydra
 42242 | Swamp:4  | Reached skill level 20 in Maces & Flails
 42274 | Swamp:4  | Killed the 27-headed Lernaean hydra
 42396 | Swamp:4  | Got a decaying rune of Zot
 42800 | Elf:1    | Entered Level 1 of the Elven Halls
 43079 | Orc:1    | Killed Jorgrun
 43217 | Orc:1    | Found a runed translucent gate.
 43217 | Orc:1    | Found a runed translucent gate.
 43217 | Orc:1    | Found a runed translucent gate.
 43222 | Orc:1    | Noticed Deeps's ghost (journeyman MiFi)
 43222 | Orc:1    | Noticed Strat's ghost (journeyman DDFi)
 43253 | Orc:1    | Killed Strat's ghost
 43263 | Orc:1    | Killed Deeps's ghost
 44319 | Elf:2    | Paralysed by an air elemental for 1 turns
 44353 | Elf:2    | Identified the +7 war axe "Pugrotwyshy" {vorpal, rF+ Will-
                  | Int+5 SInv}
 44477 | Elf:2    | Found Istes's Weapon Shop.
 44477 | Elf:2    | Found Fuwotiego's Weapon Shop.
 44491 | Elf:2    | Reached skill level 1 in Axes
 44512 | Elf:2    | Found Quikh's Assorted Antiques.
 44513 | Elf:2    | Found Wuheaqat's Armour Shop.
 44531 | Elf:2    | Bought 2 scrolls of enchant weapon for 390 gold pieces
 44531 | Elf:2    | Bought a scroll of fog for 52 gold pieces
 44695 | Elf:2    | Found a huge runed translucent gate.
 44695 | Elf:2    | Found a huge runed translucent gate.
 44695 | Elf:2    | Found a huge runed translucent gate.
 44695 | Elf:2    | Found a huge runed translucent gate.
 44700 | Elf:2    | Found a huge runed translucent gate.
 45261 | Elf:2    | Reached XP level 20. HP: 67/131 MP: 28/32
 45518 | Elf:3    | Entered Level 3 of the Elven Halls
 45521 | Elf:3    | Noticed a Tzitzimitl
 45898 | Elf:3    | Found Ockeove's Book Emporium.
 45899 | Elf:3    | Found Migudwuh's Jewellery Boutique.
 45901 | Elf:3    | Found Faruaho's Book Emporium.
 45936 | Elf:3    | Identified the +1 mace "Lussem" {flame, rPois rC+}
 46530 | Elf:3    | Identified the +3 plate armour of Follow the Leader {rF++
                  | Will+ Str+3}
 46571 | Elf:3    | Identified the +5 scimitar of the Fray {flame, Dex+2 SInv}
 46577 | Elf:3    | Identified the +6 whip "Qyusharph" {freeze, rPois MP+9
                  | Str+6 Dex-2}
 46852 | Elf:3    | Identified the +2 trident "Egg" {vorpal, rF+}
 46852 | Elf:3    | Identified the +2 robe of Shielding {Will- Str+8 Int-4
                  | Dex+8}
 46860 | Elf:3    | HP: 2/132 [deep elf master archer/arrow (19)]
 46860 | Elf:3    | Shot with an arrow by a deep elf master archer

Illustrated notes

Levels and vault maps discovered:
D:1:      lightli_arrival_flooded_house, layout_rooms, grunt_decor_cap,
          corexii_leaking_fountain, chequers_serial_rivers_room_b,
          minmay_surrounded
D:2:      layout_loops_ring, nicolae_ecumenical_lake_church
D:3:      layout_rooms, uniq_ijyb
D:4:      layout_basic, serial_shops, nicolae_shop_hallway_stairs,
          kennysheep_potato, uniq_edmund
D:5:      layout_basic, temple_doors_e, grunt_ministairs_11
D:6:      layout_loops_ring, grunt_temple_overflow_magic_moments,
          kennysheep_mini
D:7:      layout_basic, serial_bayou_lagoon_a
D:8:      minmay_angry_zag, layout_loops_corners
D:9:      layout_layer_cave, mainiacjoe_overflow_large_starburst,
          david_orc_1_choice, special_room [special_room_orc]
D:10:     nzn_winding_woodlands_medium [nzn_winding_woodlands_5x5_cross,
          nzn_winding_woodlands_5x15_pockets, nzn_winding_woodlands_5x5_three,
          nzn_winding_woodlands_5x5_closed_star,
          nzn_winding_woodlands_center_garden,
          nzn_winding_woodlands_5x5_perimeter,
          nzn_winding_woodlands_5x5_open_star,
          nzn_winding_woodlands_5x15_jagged, nzn_winding_woodlands_hourglass],
          layout_gridville
D:11:     layout_loops_cross, erik_lair_island, uniq_nergalle
D:12:     minmay_evil_eye, layout_loops_ring, gauntlet_entry_generic,
          xom_confusion_cloud, uniq_nessos
D:13:     layout_roguey, uniq_rupert, uniq_kirke
D:14:     minmay_expanding_squares, layout_rooms, grunt_vaults_entry_fortified,
          infiniplex_staircase_pool_2, nicolae_splish_splash
D:15:     grunt_enter_depths_snipers, layout_layer_cave,
          chequers_serial_rivers_micro_b, uniq_josephine
Temple:   kb_temple_of_zot
Lair:1:   layout_chaotic_city, serial_bayou_pond_e, nicolae_lair_lindhole,
          lemuel_fruit_fields, lemuel_fruit_tree, serial_bayou_shore_a
Lair:2:   layout_chaotic_city, palyth_hydra_swamp_entry, wad_woods_road_02,
          grunt_megastairs_4
Lair:3:   layout_cave_shapes, serial_bayou_shore_b
Lair:4:   layout_cave_pods, hellmonk_spider_entry_not_the_bees, ldierk_geyser,
          grunt_forest_small_clearings, grunt_megastairs_5, lemuel_fruit_fields
Lair:5:   layout_gridlike, slime_dummy
Lair:6:   gammafunk_lair_ancient_temple, layout_regular_city,
          bh_autumn_forest_stairs, kennysheep_snail_temple, uniq_urug
Swamp:1:  layout_basic_swamp, nicolae_swamp_small_spring, swamp_pool4,
          nicolae_swamp_alligator_family
Swamp:2:  layout_falls_marsh, evilmike_swamp_ruin_house_3, swamp_pool2,
          uniq_frances
Swamp:3:  layout_basic_swamp, evilmike_swamp_ruin_rubble_1
Swamp:4:  swamp_old_school, layout_basic_swamp
Spider:1: layout_chambers, worms_lemuel, uniq_mlioglotl
Spider:2: layout_cave_pods, nicolae_spider_cling_halls
Spider:3: layout_spider_delve, einodemon_crawler_minivault,
          hangedman_spider_tarantella_strand, uniq_bai_suzhen
Spider:4: spider_rune_water, hangedman_spider_mandibles,
          nicolae_spider_swamp_cousins
Orc:1:    layout_caves, special_room [special_room_orc],
          gammafunk_ghost_cemetery, uniq_jorgrun, uniq_sonja, uniq_fannar
Orc:2:    st_orc_mages, layout_caves, kennysheep_orc_chapel
Elf:1:    minmay_elf_arrival_circle, layout_gridlike, minmay_elf_crystal_hexagon
Elf:2:    elven_hall_of_blades_hangedman_alternative [grunt_blade_entry_basic],
          layout_geoelf_octagon, minmay_shop_grid_forest
Elf:3:    minmay_elf_hall, layout_gridlike, minmay_fountain_box,
          hangedman_elf_represent, minmay_shop_grove

Skill      XL: |  1  2  3  4  5  6  7  8  9 10 11 12 13 14 15 16 17 18 19 20 |
---------------+-------------------------------------------------------------+-----
Maces & Flails | 3 4 5 7 9 10 12 13 14 15 16 17 18 19 20 | 20.2
Armour         | 4 5 6 7 8 9 10 11 12 13 14 15 16 | 16.1
Dodging        | 1 2 3 4 5 6 |  6.1
Shields        | 4 5 6 7 9 10 11 12 13 14 | 14.6
Fighting       | 4 5 6 8 9 10 11 12 13 14 15 16 | 16.7
Invocations    | 4 6 7 9 10 12 14 15 16 17 18 | 18.7
Evocations     | 1 2 |  2.6
Axes           | 2 4 |  4.1
Throwing       | |  0.6

Action                   |  1- 3 |  4- 6 |  7- 9 | 10-12 | 13-15 | 16-18 | 19-21 || total
-------------------------+-------+-------+-------+-------+-------+-------+-------++-------
Melee: Flail             |   121 |   135 |   410 |   685 |  1791 |  2086 |   689 ||  5917
       Eveningstar       |       |       |       |       |       |       |   211 ||   211
Throw: Stone             |       |     1 |       |       |       |       |       ||     1
       Dart              |       |       |       |     3 |       |       |     2 ||     5
Invok: Divine Shield     |       |       |       |     1 |       |       |     2 ||     3
       Cleansing Flame   |       |       |       |       |    25 |    58 |    26 ||   109
       Summon Divine War |       |       |       |       |       |       |     1 ||     1
Evoke: Wand              |       |     5 |       |    10 |    19 |     4 |     9 ||    47
  Use: Scroll            |       |     4 |     2 |     6 |    15 |     5 |    11 ||    43
       Potion            |       |     2 |     2 |     4 |     3 |     3 |     4 ||    18
Armor: Scale mail        |    81 |    36 |       |       |       |       |       ||   117
       Chain mail        |       |    45 |   272 |   344 |   905 |  1869 |   551 ||  3986
       Plate armour      |       |       |       |       |       |       |    27 ||    27
Dodge: Dodged            |    72 |    50 |   114 |   192 |   514 |   972 |   264 ||  2178
Block: Buckler           |    27 |    33 |    89 |   236 |   772 |   668 |   235 ||  2060
       Reflection        |       |       |       |     1 |    15 |       |       ||    16
